 Dungeon Crawl Stone Soup version 0.27.1-1-g398f81649c (webtiles) character file.

Game seed: 3246394300847840682

254 DoubleLucky the Skirmisher (level 6, -3/41 HPs)
             Began as a Gargoyle Berserker on Sept 13, 2021.
             Was a Priest of Trog.
             Slain by a gnoll (4 damage)
             ... on level 4 of the Dungeon.
             The game lasted 00:14:54 (5066 turns).

DoubleLucky the Skirmisher (Gargoyle Berserker)     Turns: 5066, Time: 00:14:54

Health: -3/41      AC: 11    Str: 22    XL:     6   Next: 15%
Magic:  6/6        EV: 11    Int:  8    God:    Trog [***...]
Gold:   183        SH:  0    Dex:  9    Spells: 5/5 levels left

rFire    + . .     SeeInvis .   r - +0 morningstar
rCold    . . .     Faith    .   (no shield)
rNeg     + . .     Spirit   .   q - +0 ring mail
rPois    ∞         Reflect  .   (no helmet)
rElec    +         Harm     .   (no cloak)
rCorr    .         Rampage  .   o - +0 pair of gloves
Will     .....                  (no boots)
Stlth    ..........             (no amulet)
HPRegen  0.13/turn              k - ring of protection from fire
MPRegen  0.10/turn              (no ring)

@: on berserk cooldown, slowed, very slow
A: sickness immunity, AC +4, negative energy resistance 1, electricity
resistance, torment resistance 1, petrification resistance
a: Renounce Religion, Berserk, Trog's Hand


You were on level 4 of the Dungeon.
You worshipped Trog.
Trog was most pleased with you.
You visited 2 branches of the dungeon, and saw 5 of its levels.

You collected 183 gold pieces.

Inventory:

Hand Weapons
 a - a +0 mace
 e - a +2 dagger of venom
 r - a +0 morningstar (weapon)
Missiles
 d - 224 stones (quivered)
Armour
 o - a +0 pair of gloves (worn)
 q - a +0 ring mail (worn)
Jewellery
 k - a ring of protection from fire (left hand)
Wands
 m - a wand of acid (9)
Scrolls
 g - 2 scrolls of amnesia {unknown}
 h - a scroll of enchant armour {unknown}
 i - 3 scrolls of immolation {unknown}
 j - 3 scrolls of enchant weapon
 l - 3 scrolls of fear
 n - a scroll of magic mapping {unknown}
Potions
 b - a potion of magic {unknown}
 c - 2 potions of curing
 p - a potion of resistance


   Skills:
 + Level 5.6 Fighting
 + Level 5.1 Maces & Flails
 - Level 2.2 Armour
 - Level 1.5 Dodging


You had 5 spell levels left.
You didn't know any spells.
Your spell library was empty.

Dungeon Overview and Level Annotations

Branches:
Dungeon (4/15)             Temple (1/1) D:4

Altars:
Ashenzari
Elyvilon
Fedhas
Gozag
Hepliaklqana
Nemelex Xobeh
Sif Muna
Uskayaw
Vehumet
Wu Jian
Xom
Yredelemnul
Zin

Annotations:
D:4 Ijyb


Innate Abilities, Weirdness & Mutations

You are immune to sickness and miasma.
Your stone body is resilient. (AC +4)
You are immune to poison.
You resist negative energy. (rN+)
You are resistant to electric shocks. (rElec)
You are resistant to unholy torment.
You are immune to petrification.


Message History

Ijyb is almost dead.
An orc comes into view. It is wielding a +0 club.
The gnoll misses you. The gnoll barely misses you.
The orc barely misses you. x2
Ijyb hits you with a +0 club.
The gnoll hits you but does no damage. x2
The orc barely misses you.
A gnoll comes into view. It is wielding a +0 whip.
The orc closely misses you.
The gnoll shouts!
The orc shouts!
You hit Ijyb but do no damage.
Ijyb is almost dead.
Ijyb hits you but does no damage. The gnoll hits you but does no damage.
The gnoll barely misses you. The orc barely misses you. x2
Ijyb barely misses you. The gnoll hits you but does no damage.
The gnoll hits you with a +0 club. The orc hits you but does no damage.
The orc hits you with a +0 club.
You hit Ijyb but do no damage.
Ijyb is almost dead.
Ijyb hits you but does no damage. The gnoll closely misses you.
The gnoll hits you with a +0 club!
* * * LOW HITPOINT WARNING * * *
The orc barely misses you. The orc hits you but does no damage.
Ijyb hits you but does no damage. The gnoll barely misses you.
The gnoll closely misses you.
You barely miss the orc. The orc barely misses you.
The orc hits you but does no damage. Ijyb hits you with a +0 club.
* * * LOW HITPOINT WARNING * * *
An orc comes into view. It is wielding a +0 dagger.
The gnoll hits you with a +0 club.
* * * LOW HITPOINT WARNING * * *
The gnoll closely misses you. The orc barely misses you.
The orc hits you with a +0 club.
* * * LOW HITPOINT WARNING * * *
Ijyb hits you but does no damage. The gnoll hits you with a +0 club.
* * * LOW HITPOINT WARNING * * *
The gnoll hits you but does no damage.
You closely miss the orc.
The orc shouts!
The orc hits you but does no damage. x2; Ijyb hits you but does no damage.
The gnoll hits you but does no damage. The gnoll hits you with a +0 club.
You die...

......####....#
#....#..##.###
####...........# .
#...........##.#
..##....#..8>8..#.## ..
........#......#..(#
....
#.#..#..#......##..#..#
#...#.....g.###g....##
#...#.##....#o@g.....#
#...........##og###.##
..............go## .#
#..............o.. .
..##..#........#.## .
.> ..###.......#.. # ..
o......... .... ...


You could see Ijyb, 3 gnolls and 4 orcs.

Vanquished Creatures
  Menkaure (D:4)
  5 adders
  An adder skeleton (D:4)
  5 dart slugs
  6 orcs (D:3)
  6 endoplasms
  2 giant cockroaches
  8 goblins
  5 hobgoblins
  6 jackals
  4 quokkas
  7 ball pythons
  8 bats
  2 frilled lizards
  2 kobolds
  5 rats
73 creatures vanquished.

Notes
Turn   | Place    | Note
-------+----------+-------------------------------------------
     0 | D:1      | DoubleLucky the Gargoyle Berserker began the quest for the
                  | Orb.
     0 | D:1      | Reached XP level 1. HP: 14/14 MP: 1/1
   236 | D:1      | You fall into a shaft and drop 1 floor!
   323 | D:2      | Reached XP level 2. HP: 13/19 MP: 2/2
   706 | D:2      | Reached XP level 3. HP: 24/24 MP: 3/3
  1322 | D:1      | Reached ** piety under Trog
  2347 | D:2      | Reached XP level 4. HP: 24/30 MP: 4/4
  3816 | D:3      | Reached XP level 5. HP: 34/34 MP: 5/5
  3817 | D:3      | Reached *** piety under Trog
  4553 | D:4      | Found a staircase to the Ecumenical Temple.
  4569 | D:4      | Noticed Menkaure
  4579 | Temple   | Entered the Ecumenical Temple
  4851 | D:4      | Killed Menkaure
  4852 | D:4      | Reached skill level 5 in Fighting
  4852 | D:4      | Reached skill level 5 in Maces & Flails
  4852 | D:4      | Reached XP level 6. HP: 40/40 MP: 6/6
  4859 | D:4      | Noticed Ijyb
  5065 | D:4      | HP: 2/41 [orc (2)]
  5066 | D:4      | Slain by a gnoll

Illustrated notes

Levels and vault maps discovered:
D:1:      dpeg_arrival_rooms_a, layout_basic, minmay_misc_feat_diagonals,
          hangedman_glass_teeth, amcnicky_mini_rare_corridor_liquid
D:2:      minmay_chambers_of_ones, layout_loops_ring, minmay_misc_feat_five,
          minmay_puff
D:3:      layout_basic, minmay_pentangle
D:4:      layout_cave_pools, lemuel_zombie_altar_kikubaaqudgha, temple_statues,
          minmay_misc_feat_hallway, uniq_grinder, uniq_ijyb, uniq_menkaure
Temple:   nicolae_temple_figure_eight

Skill      XL: |  1  2  3  4  5 |
---------------+----------------+-----
Fighting       | 4 5 |  5.6
Maces & Flails | 4 5 |  5.1
Armour         | |  2.2
Dodging        | |  1.5

Action                   |  1- 3 |  4- 6 || total
-------------------------+-------+-------++-------
Melee: Mace              |   127 |    97 ||   224
       Morningstar       |       |    34 ||    34
Throw: Stone             |     4 |    29 ||    33
Invok: Berserk           |     4 |     3 ||     7
       Trog's Hand       |       |     1 ||     1
  Use: Scroll            |       |     5 ||     5
       Potion            |       |     2 ||     2
Armor: Animal skin       |    76 |     9 ||    85
       Ring mail         |       |    69 ||    69
Dodge: Dodged            |    98 |    99 ||   197
